 Dungeon Crawl Stone Soup version 0.29-a0-2-g12fcac58f8 (webtiles) character file.

Game seed: 2043678936944686881

4173 HallandMoats the Grappler (level 10, 0/90 HPs)
             Began as a Ghoul Monk on Jan 27, 2022.
             Was a High Priest of Okawaru.
             Slain by a two-headed ogre (4 damage)
             ... on level 8 of the Dungeon.
             The game lasted 00:09:41 (9165 turns).

HallandMoats the Grappler (Ghoul Monk)              Turns: 9165, Time: 00:09:41

Health: 0/90       AC: 13    Str: 20    XL:     10   Next: 28%
Magic:  14/14      EV:  8    Int:  5    God:    Okawaru [*****.]
Gold:   270        SH:  0    Dex: 17    Spells: 9/9 levels left

rFire   . . .      SeeInvis .     - Unarmed
rCold   + . .      Faith    .   (no shield)
rNeg    + + +      Spirit   .   b - +0 plate armour
rPois   ∞          Reflect  .   t - +0 helmet
rElec   .          Harm     .   (no cloak)
rCorr   .          Rampage  .   (no gloves)
Will    .....                   (no boots)
Stlth   ..........              (no amulet)
HPRegen 0.00/turn               c - +6 ring of dexterity
MPRegen 0.14/turn               q - +4 ring of slaying

@: inhibited regen
A: claws 1, cold resistance 1, negative energy resistance 3, inhibited
regeneration, torment resistance 2
a: Renounce Religion, Heroism, Finesse, Duel


You were on level 8 of the Dungeon.
You worshipped Okawaru.
Okawaru was extremely pleased with you.
You visited 2 branches of the dungeon, and saw 9 of its levels.

You collected 270 gold pieces.

Inventory:

Armour
 b - a +0 plate armour (worn)
 t - a +0 helmet (worn)
Jewellery
 c - a +6 ring of dexterity (left claw)
 q - a +4 ring of slaying (right claw)
 r - a ring of see invisible
Scrolls
 a - 3 scrolls of fog
 f - 5 scrolls of teleportation
 j - a scroll of immolation
 l - a scroll of magic mapping
 u - a scroll of identify
 w - a scroll of blinking
 x - a scroll of silence {unknown}
Potions
 d - a potion of heal wounds {unknown}
 e - a potion of attraction {unknown}
 g - a potion of lignification {unknown}
 h - a potion of mutation {unknown}
 i - a potion of resistance
 k - a potion of degeneration {unknown}
 m - 2 potions of curing
 n - a potion of cancellation {unknown}
 o - a potion of might {unknown}
 s - 2 potions of brilliance {unknown}
 v - a potion of haste {unknown}


   Skills:
 * Level 8.7 Fighting
 + Level 4.4 Armour
 + Level 5.4 Dodging
 - Level 2.1 Stealth
 * Level 8.8 Unarmed Combat
 * Level 7.9 Invocations


You had 9 spell levels left.
You didn't know any spells.
Your spell library contained the following spells:

 Spells                   Type           Power      Damage    Failure   Level
 Pain                     Necr           0%         1d4       100%        1
 Shock                    Conj/Air       0%         1d3       100%        1
 Confusing Touch          Hex            0%         N/A       100%        3
 Frozen Ramparts          Ice            0%         1d2       100%        3
 Swiftness                Air            0%         N/A       100%        3
 Airstrike                Air            0%         N/A       100%        4
 Anguish                  Hex/Necr       0%         N/A       100%        4
 Petrify                  Tmut/Erth      0%         N/A       100%        4
 Agony                    Necr           0%         N/A       100%        5
 Excruciating Wounds      Necr           0%         N/A       100%        5
 Irradiate                Conj/Tmut      0%         3d13      100%        5
 Yara's Violent Unravell  Hex/Tmut       0%         3d3       100%        5
 Enfeeble                 Hex            0%         N/A       100%        7
 Sublimation of Blood     Necr           Unusable   N/A       N/A         2
 Tukima's Dance           Hex            Unusable   N/A       N/A         3
 Ice Form                 Ice/Tmut       Unusable   N/A       N/A         4
 Summon Ice Beast         Ice/Summ       Unusable   N/A       N/A         4

Dungeon Overview and Level Annotations

Branches:
Dungeon (8/15)             Temple (1/1) D:4
   Lair: D:8-11

Altars:
Ashenzari
Dithmenos
Fedhas
Gozag
Kikubaaqudgha
Makhleb
Nemelex Xobeh
Okawaru
Qazlal
Ru
Trog
Uskayaw
Vehumet
Wu Jian
Xom
Yredelemnul
Zin
The Shining One

Shops:
D:1 (


Innate Abilities, Weirdness & Mutations

You thrive by killing the living.
You are immune to poison.
You have sharp fingernails.
Your flesh is cold resistant. (rC+)
You are immune to negative energy. (rN+++)
You do not regenerate when monsters are visible.
You are immune to unholy pain and torment.


Message History

Aiming: Paralyse
Press: ? - help, Shift-Dir - straight line, f - two-headed ogre
Aim: a two-headed ogre, wielding two +0 giant clubs (wandering, hasn't noticed you, chance to affect: 31%)
The two-headed ogre shouts in stereo!
The two-headed ogre easily resists.
Aiming: Paralyse
Press: ? - help, Shift-Dir - straight line, f/p - two-headed ogre
Aim: a two-headed ogre, wielding two +0 giant clubs (chance to affect: 31%)
The two-headed ogre easily resists.
Aiming: Paralyse
Press: ? - help, Shift-Dir - straight line, f/p - two-headed ogre
Aim: a two-headed ogre, wielding two +0 giant clubs (chance to affect: 31%)
The two-headed ogre easily resists.
Aiming: Paralyse
Press: ? - help, Shift-Dir - straight line, f/p - two-headed ogre
Aim: a two-headed ogre, wielding two +0 giant clubs (chance to affect: 31%)
The two-headed ogre easily resists.
Aiming: Paralyse
Press: ? - help, Shift-Dir - straight line, f/p - two-headed ogre
Aim: a two-headed ogre, wielding two +0 giant clubs (chance to affect: 31%)
The two-headed ogre easily resists.
Aiming: Paralyse
Press: ? - help, Shift-Dir - straight line, f/p - two-headed ogre
Aim: a two-headed ogre, wielding two +0 giant clubs (chance to affect: 31%)
The two-headed ogre easily resists.
The now-empty wand crumbles to dust.
You claw the two-headed ogre!
The two-headed ogre is lightly wounded.
The two-headed ogre hits you with a +0 giant club!! x2
You scratch the two-headed ogre but do no damage.
The two-headed ogre is lightly wounded.
The two-headed ogre hits you with a +0 giant club!!
* * * LOW HITPOINT WARNING * * *
The two-headed ogre hits you with a +0 giant club.
* * * LOW HITPOINT WARNING * * *
You claw the two-headed ogre! You claw the two-headed ogre.
The two-headed ogre is heavily wounded.
You scratch the two-headed ogre.
The two-headed ogre is heavily wounded.
The two-headed ogre hits you with a +0 giant club.
You die...

#.....# #.....###
#.....+.# #.....#.#
#.....#.##### ##+##
#####+#.........#.........
#...............#...O.....
#.......).......#.........
#).......@O.....#.........
#..:.....##+###...........
#...........# #...........
#........######...........
#............)).......#
#.........#####....##.#
#####..............#
########.......# #.......#


You could see a two-headed ogre.

Vanquished Creatures
  A two-headed ogre (D:5)
  A troll (D:7)
  A hornet (D:7)
  A wyvern (D:7)
  2 water moccasins (D:7)
  2 orc warriors
  2 ice beasts
  A black bear (D:7)
  3 centaurs
  3 ogres
  A kobold brigand (D:6)
  2 gnoll sergeants
  3 scorpions
  A water moccasin skeleton (D:5)
  6 killer bees (D:7)
  5 wights (D:7)
  A howler monkey (D:7)
  2 bullfrog zombies
  3 centaur zombies
  2 hounds
  An orc priest (D:6)
  2 gnoll shamans
  3 jellies
  A centaur skeleton (D:6)
  2 orc wizards
  A killer bee zombie (D:6)
  2 hound skeletons (D:5)
  18 gnolls
  A howler monkey skeleton (D:7)
  4 adders
  A shadow imp (D:7)
  5 white imps
  2 ufetubi (D:7)
  2 worms
  A dart slug (D:2)
  21 orcs
  7 endoplasms
  5 giant cockroaches
  9 goblins
  5 hobgoblins
  3 iguanas
  13 kobolds
  A quokka (D:1)
  5 ball pythons
  5 bats
  A frilled lizard (D:2)
  4 rats
168 creatures vanquished.

Notes
Turn   | Place    | Note
-------+----------+-------------------------------------------
     0 | D:1      | HallandMoats the Ghoul Monk began the quest for the Orb.
     0 | D:1      | Reached XP level 1. HP: 19/19 MP: 0/0
   250 | D:1      | Reached skill level 1 in Invocations
   250 | D:1      | Reached XP level 2. HP: 16/26 MP: 1/1
   511 | D:1      | Reached XP level 3. HP: 30/31 MP: 2/2
   857 | D:1      | Found Coat's Weapon Shop.
  1772 | D:3      | Found a faded altar of an unknown god.
  1784 | D:3      | Reached XP level 4. HP: 40/40 MP: 4/4
  1859 | D:3      | Reached skill level 1 in Armour
  2050 | D:3      | Found a stormy altar of Qazlal.
  2770 | D:4      | Identified the +5 spear of Zewuih {freeze, rPois}
  2789 | D:4      | Found a staircase to the Ecumenical Temple.
  2818 | D:4      | Found a shimmering altar of Xom.
  2832 | Temple   | Entered the Ecumenical Temple
  3176 | Temple   | Became a worshipper of Warmaster Okawaru
  3176 | Temple   | Reached * piety under Okawaru
  3176 | Temple   | Reached ** piety under Okawaru
  3207 | D:4      | Reached XP level 5. HP: 46/46 MP: 5/5
  3237 | D:4      | Found an ancient bone altar of Kikubaaqudgha.
  4016 | D:4      | Identified the +5 giant spiked club of the Sky {vorpal,
                  | *Noise +Blink Fly}
  4043 | D:5      | Entered Level 5 of the Dungeon
  4223 | D:5      | Reached XP level 6. HP: 36/53 MP: 5/7
  4608 | D:5      | Reached skill level 5 in Unarmed Combat
  4708 | D:5      | Reached skill level 5 in Fighting
  4708 | D:5      | Reached XP level 7. HP: 39/61 MP: 8/8
  4905 | D:5      | Found a sacrificial altar of Ru.
  5404 | D:5      | Noticed a two-headed ogre
  5431 | D:5      | Reached *** piety under Okawaru
  5442 | D:5      | Killed a two-headed ogre
  5443 | D:5      | Reached skill level 5 in Invocations
  5443 | D:5      | Reached XP level 8. HP: 22/70 MP: 7/10
  5890 | D:6      | Reached **** piety under Okawaru
  6644 | D:6      | Reached XP level 9. HP: 65/78 MP: 12/12
  6725 | D:6      | Found a broken altar of Ashenzari.
  6729 | D:6      | Found an opulent altar of Gozag.
  7531 | D:7      | Identified the +2 shortbow of Responsibility {flame, rElec
                  | rPois rCorr Str+4}
  7846 | D:7      | Noticed a hornet
  7859 | D:7      | Killed a hornet
  8183 | D:7      | Reached skill level 5 in Dodging
  8580 | D:7      | Reached ***** piety under Okawaru
  8581 | D:7      | Reached XP level 10. HP: 88/88 MP: 12/14
  9086 | D:8      | Noticed a two-headed ogre
  9163 | D:8      | HP: 4/90 [two-headed ogre (5)]
  9165 | D:8      | Slain by a two-headed ogre

Illustrated notes

Levels and vault maps discovered:
D:1:      dpeg_arrival_ternary, layout_loops_ring, serial_shops,
          nicolae_shop_competitors_out_of_business
D:2:      layout_loops_cross, grunt_decor_fettered
D:3:      layout_basic, nicolae_qazlal_general_emergency,
          shapermc_ecumenical_altar_venn
D:4:      layout_loops_ring, dk_xom_monty_hall, kennysheep_mini_moat,
          minmay_temple_entry_offerings
D:5:      minmay_chambers_of_fours, layout_loops_ring,
          nicolae_ru_the_path_less_chosen
D:6:      layout_basic, mainiacjoe_overflow_catwalk_spiral, amethyst_killhole
D:7:      minmay_octagon_keep, layout_basic
D:8:      layout_basic, mainiacjoe_overflow_divided_tiny, serial_shops,
          kennysheep_mini, uniq_maurice, uniq_pikel
Temple:   minmay_temple_forest_path

Skill      XL: |  1  2  3  4  5  6  7  8  9 |
---------------+----------------------------+-----
Invocations    | 1 2 3 5 7 |  7.9
Unarmed Combat | 4 5 6 7 8 |  8.8
Armour         | 1 2 3 4 |  4.4
Dodging        | 3 4 5 |  5.4
Fighting       | 4 5 6 8 |  8.7
Stealth        | |  2.1

Action                   |  1- 3 |  4- 6 |  7- 9 | 10-12 || total
-------------------------+-------+-------+-------+-------++-------
Melee: Unarmed           |   118 |   141 |   235 |    60 ||   554
       Punch             |     5 |     7 |    16 |     3 ||    31
Invok: Heroism           |       |       |     4 |       ||     4
Evoke: Wand              |       |       |       |     6 ||     6
  Use: Scroll            |       |     4 |     6 |       ||    10
 Stab: Sleeping          |     1 |       |       |       ||     1
Armor: Robe              |     2 |       |       |       ||     2
       Plate armour      |    54 |    74 |   140 |    27 ||   295
Dodge: Dodged            |    37 |    31 |   104 |    22 ||   194

Table legend: (Time is in decaauts)
 A = Elapsed time spent in this place.
 B = Non-inter-level travel time spent in this place.
 C = Inter-level travel time spent in this place.
 D = Time resting spent in this place.
 E = Time spent auto-exploring this place.
 F = Levels seen in this place.
 G = Mean time per level.
                   A        B        C        D        E       F      G
               +--------+--------+--------+--------+--------+-----+--------+
         Total |   9103 |   8757 |    346 |    953 |   6559 |   9 | 1011.4 |
       Dungeon |   8734 |   8441 |    293 |    953 |   6256 |   8 | 1091.8 |
        Temple |    368 |    315 |     53 |      0 |    303 |   1 |  368.0 |
               +--------+--------+--------+--------+--------+-----+--------+

Top non-repeatable levels by time:
     D:5: 2165 daAuts
     D:7: 1590 daAuts
     D:6: 1111 daAuts
     D:4: 1052 daAuts
     D:1: 976 daAuts
     D:3: 874 daAuts
     D:2: 753 daAuts
  Temple: 368 daAuts
     D:8: 210 daAuts
